 Dungeon Crawl Stone Soup version 0.24.1-14-gf8d2b509d9 (webtiles) character file.

Game seed: 1159392748772739492, levelgen mode: deterministic

39 Peloso the Skirmisher (level 3, 24/29 HPs)
             Began as a Demonspawn Fighter on May 17, 2020.
             Got out of the dungeon alive.
             The game lasted 00:01:16 (445 turns).

Peloso the Skirmisher (Demonspawn Fighter)           Turns: 445, Time: 00:01:16

Health: 24/29      AC:  6    Str: 17    XL:     3   Next: 26%
Magic:  3/3        EV:  7    Int:  9    God:
Gold:   48         SH:  9    Dex: 12    Spells: 2/2 levels left

rFire    . . .     SeeInvis .   a - +0 long sword
rCold    . . .     Gourm    .   c - +0 shield
rNeg     . . .     Faith    .   b - +0 scale mail
rPois    .         Spirit   .   (no helmet)
rElec    .         Reflect  .   (no cloak)
rCorr    +         Harm     .   (no gloves)
MR       .....                  (no boots)
Stlth    ..........             (no amulet)
HPRegen  0.09/turn              h - ring of resist corrosion
MPRegen  0.08/turn              (no ring)

@: no status effects
A: hooves 1, rot immunity
a: no special abilities


You escaped.
You were not hungry.

You visited 1 branch of the dungeon, and saw 2 of its levels.

You collected 48 gold pieces.

Inventory:

Hand Weapons
 a - a +0 long sword (weapon)
Armour
 b - a +0 scale mail (worn)
 c - a +0 shield (worn)
Jewellery
 h - a ring of resist corrosion (left hand)
Scrolls
 e - 2 scrolls of remove curse {unknown}
 g - 2 scrolls of identify {unknown}
 i - a scroll of enchant armour {unknown}
 j - 2 scrolls of teleportation {unknown}
Potions
 d - a potion of might
 k - a potion of degeneration {unknown}
 l - a potion of cancellation {unknown}
Comestibles
 f - 4 rations


   Skills:
 + Level 3.4 Fighting
 + Level 2.2 Long Blades
 + Level 3.0 Armour
 + Level 3.1 Shields


You had 2 spell levels left.
You didn't know any spells.
Your spell library was empty.

Dungeon Overview and Level Annotations

Branches:
Dungeon (2/15)

Altars:
Wu Jian


Innate Abilities, Weirdness & Mutations

You have large cloven feet.
You are immune to rotting.


Message History

Your kick misses the hobgoblin.
The hobgoblin hits you but does no damage.
You hit the hobgoblin but do no damage. Your kick misses the hobgoblin.
The hobgoblin barely misses you.
You riposte.
You hit the hobgoblin.
The hobgoblin is almost dead.
You closely miss the hobgoblin. Your kick misses the hobgoblin.
The hobgoblin is almost dead.
The hobgoblin closely misses you.
You slash the hobgoblin!
You kill the hobgoblin!
Things that are here:
a cursed -3 club; a hobgoblin corpse
(D) Dungeon
Where to? (Enter - D:1 @ (x,y), ? - help)
There is an open door here.
You open the door.
There is an open door here.
There is a staircase leading out of the dungeon here.
Are you sure you want to leave the Dungeon?
This will make you lose the game!
You have escaped!

(.# #...#..#
#.######.####.# #.#
#...#..# #.# #.#
#.# #.# +...'..#
#.# #.# #.# #..
#...##.# ### #.#
#.# #... #...##.#
#.# #.# #....
######.#
#####.####.# #.....
#.######.......##.#
....##
#.##...#.#####.##.#
#..'.@.'.# #.##.#
#..#...### #.##.#
#..##+## #....#
#... ###### #####


There were no monsters in sight!

Vanquished Creatures
  An adder (D:2)
  An ooze (D:2)
  2 dart slugs (D:1)
  2 leopard geckos
  A bat (D:1)
  A giant cockroach (D:2)
  4 goblins (D:1)
  3 hobgoblins (D:1)
  3 kobolds (D:1)
  A rat (D:2)
19 creatures vanquished.

Notes
Turn   | Place    | Note
-------+----------+-------------------------------------------
     0 | D:1      | Peloso the Demonspawn Fighter began the quest for the Orb.
     0 | D:1      | Reached XP level 1. HP: 18/18 MP: 1/1
    96 | D:1      | Gained mutation: You have large cloven feet. [demonic
                  | ancestry]
    96 | D:1      | Reached XP level 2. HP: 24/24 MP: 2/2
   229 | D:1      | You fall into a shaft and drop 1 floor!
   238 | D:2      | Found an ornate altar of the Wu Jian Council.
   364 | D:2      | Gained mutation: You are immune to rotting. [demonic
                  | ancestry]
   364 | D:2      | Reached XP level 3. HP: 21/29 MP: 3/3
   445 | D:$      | Got out of the dungeon alive.

Levels and vault maps discovered:
D:1:      dpeg_arrival_tiny_g, layout_basic
D:2:      layout_basic, overflow_temple_1_default

Skill      XL: |  1  2 |
---------------+-------+-----
Long Blades    | 2 |  2.2
Shields        | 3 |  3.1
Armour         | 3 |  3.0
Fighting       | |  3.4

Action                   || total
-------------------------++-------
Melee: Long sword        ||    59
       Kick              ||    15
Armor: Scale mail        ||    28
Dodge: Dodged            ||    17
Block: Shield            ||    30
       Rpst.: Long sword ||     7
